 Dungeon Crawl Stone Soup version 0.24-a0-583-g87330a484a (webtiles) character file.

Game seed: 8705429579795761652, levelgen mode: deterministic

62298 Ijustatesigmund the Blocker (level 15, -11/119 HPs)
             Began as a Gnoll Fighter on Aug 28, 2019.
             Was the Champion of Okawaru.
             Drowned by a drowned soul (17 damage)
             ... summoned by a merfolk avatar
             ... on level 6 of the Lair of Beasts.
             The game lasted 00:45:52 (21718 turns).

Ijustatesigmund the Blocker (Gnoll Fighter)        Turns: 21718, Time: 00:45:54

Health: -11/119    AC: 35    Str: 20    XL:     15   Next: 5%
Magic:  28/28      EV: 14    Int: 11    God:    Okawaru [******]
Gold:   1076       SH:  4    Dex: 19    Spells: 31/33 levels left

rFire    + . .     SeeInvis +   R - +4 lajatang (protect)
rCold    + + .     Gourm    .   (shield currently unavailable)
rNeg     . . .     Faith    .   b - +0 storm dragon scales
rPois    +         Spirit   .   j - +2 helmet
rElec    +         Reflect  .   Y - scarf {rC+ rF+}
rCorr    .         Harm     .   W - +2 pair of gloves {archery}
MR       +....                  X - +2 pair of boots
Stlth    +.........             T - amulet of the acrobat
HPRegen  0.29/turn              m - ring of protection from cold
MPRegen  0.21/turn              B - ring of poison resistance

@: about to teleport, protection aura, berserk cooldown, mesmerised, slowed,
studying Summonings, very slow
A: distributed training, fangs 1, large bone plates 1, thin metallic scales 1,
see invisible, shaggy fur 1, evolution 2, subdued magic 1, MP-powered wands,
strong nose
a: Heroism, Finesse, Renounce Religion


You were on level 6 of the Lair of Beasts.
You worshipped Okawaru.
Okawaru was exalted by your worship.
You were not hungry.

You visited 2 branches of the dungeon, and saw 20 of its levels.

You collected 1134 gold pieces.
You spent 58 gold pieces at shops.

Inventory:

Hand Weapons
 a - a +3 flail
 s - a +6 trident of draining
 R - a +4 lajatang of protection (weapon)
 S - a +3 triple crossbow of freezing
Missiles
 G - 10 silver javelins (quivered)
Armour
 b - +0 storm dragon scales (worn)
 c - a +0 shield
 j - a +2 helmet (worn)
 n - a +1 cloak
 W - a +2 pair of gloves of archery (worn)
 X - a +2 pair of boots (worn)
 Y - a scarf of resistance (worn)
Jewellery
 e - an uncursed ring of fire
 m - a ring of protection from cold (left hand)
 B - a ring of poison resistance (right hand)
 E - a +4 ring of dexterity
 L - an uncursed ring of ice
 O - an uncursed ring of protection from fire
 T - an amulet of the acrobat (around neck)
 V - an uncursed ring of flight
Wands
 p - a wand of enslavement (19)
 C - a wand of random effects (21)
 H - a wand of scattershot (5)
 K - a wand of acid (9)
 N - a wand of digging (5)
 P - a wand of flame (26)
 Z - a wand of disintegration (13)
Scrolls
 d - 5 scrolls of immolation
 g - 6 scrolls of amnesia
 h - 12 scrolls of enchant weapon
 k - 6 scrolls of identify
 t - 4 scrolls of enchant armour
 y - 5 scrolls of remove curse
 D - a scroll of holy word
 F - a scroll of fog
 Q - a scroll of magic mapping
Potions
 l - 7 potions of curing
 q - 2 potions of ambrosia
 r - 4 potions of resistance
 u - 2 potions of haste
 v - 4 potions of flight
 w - 4 potions of brilliance
 x - 6 potions of agility
 z - a potion of magic
 A - 3 potions of cancellation
 I - 3 potions of mutation
 M - 4 potions of lignification
 U - a potion of berserk rage
Books
 i - a manual of Summonings
Comestibles
 f - 34 rations


   Skills:
 + Level 11.4 Fighting
 + Level 9.6 Short Blades
 + Level 9.6 Long Blades
 + Level 10.5 Axes
 + Level 9.6 Maces & Flails
 + Level 9.6 Polearms
 + Level 9.6 Staves
 + Level 9.6 Slings
 + Level 9.6 Bows
 + Level 9.6 Crossbows
 + Level 9.6 Throwing
 + Level 11.4 Armour
 + Level 9.6 Dodging
 + Level 9.6 Stealth
 + Level 11.4 Shields
 + Level 9.6 Unarmed Combat
 + Level 9.6 Spellcasting
 + Level 8.0 Conjurations
 + Level 8.0 Hexes
 + Level 8.0 Charms
 + Level 8.5 Summonings
 + Level 8.0 Necromancy
 + Level 8.0 Translocations
 + Level 8.0 Transmutations
 + Level 8.0 Fire Magic
 + Level 8.0 Ice Magic
 + Level 8.0 Air Magic
 + Level 8.0 Earth Magic
 + Level 8.0 Poison Magic
 + Level 10.4 Invocations
 + Level 9.6 Evocations


You had 31 spell levels left.
You knew the following spells:

 Your Spells              Type           Power        Failure   Level  Hunger
a - Passwall              Tmut/Erth      ###.....     3%          2    None

Your spell library contained the following spells:

 Spells                   Type           Power        Failure   Level  Hunger
 Summon Small Mammal      Summ           ###.         1%          1    None
 Corona                   Hex            ###....      2%          1    None
 Flame Tongue             Conj/Fire      ###..        2%          1    None
 Sandblast                Erth           ###...       2%          1    None
 Sting                    Conj/Pois      ###.         2%          1    None
 Call Imp                 Summ           ###.....     3%          2    None
 Poisonous Vapours        Pois/Air       ###...       3%          2    None
 Slow                     Hex            ###.....     3%          2    None
 Throw Flame              Conj/Fire      ###...       3%          2    None
 Call Canine Familiar     Summ           ###.....     6%          3    ##.....
 Summon Guardian Golem    Hex/Summ       ###.....     7%          3    ##.....
 Conjure Flame            Conj/Fire      ###.....     8%          3    ##.....
 Inner Flame              Hex/Fire       ###.....     8%          3    ##.....
 Mephitic Cloud           Conj/Pois/Air  ###.....     8%          3    ##.....
 Portal Projectile        Hex/Tloc       ###...       8%          3    ##.....
 Spectral Weapon          Hex/Chrm       ###.....     8%          3    ##.....
 Stone Arrow              Conj/Erth      ###...       8%          3    ##.....
 Summon Ice Beast         Ice/Summ       ###.....     24%         4    ####...
 Summon Lightning Spire   Summ/Air       ###.....     24%         4    ####...
 Cause Fear               Hex            ###.......   28%         4    ####...
 Leda's Liquefaction      Hex/Erth       ###.......   28%         4    ####...
 Olgreb's Toxic Radiance  Pois           ###.....     28%         4    ####...
 Petrify                  Tmut/Erth      ###.....     28%         4    ####...
 Sticky Flame             Conj/Fire      ###.....     28%         4    ####...
 Fireball                 Conj/Fire      ###.......   61%         5    #####..
 Irradiate                Conj/Tmut      ###.......   61%         5    #####..
 Lee's Rapid Deconstruct  Erth           ###.......   61%         5    #####..
 Venom Bolt               Conj/Pois      ###.......   61%         5    #####..
 Freezing Cloud           Conj/Ice/Air   ###.......   99%         6    #######
 Hydra Form               Tmut           ###.......   99%         6    #######
 Invisibility             Hex            ###.....     99%         6    #######
 Statue Form              Tmut/Erth      ###......    99%         6    #######
 Dragon Form              Tmut           ###.......   100%        7    #######
 Ring of Flames           Chrm/Fire      ###.......   100%        7    #######


Dungeon Overview and Level Annotations

Branches:
Dungeon (14/15)            Temple (0/1) D:6            Lair (6/6) D:10
  Swamp (0/4) Lair:2        Snake (0/4) Lair:2          Orc (0/2) D:11
 Vaults (0/5) D:14
  Slime: Lair:5-6

Altars:
Cheibriados
Dithmenos
Elyvilon
Fedhas
Gozag
Makhleb
Nemelex Xobeh
Okawaru
Qazlal
Ru
Sif Muna
Uskayaw
Vehumet
Xom

Shops:
D:6 :*   D:8 *

Annotations:
D:4 2 runed translucent doors, wazuzu's ghost, amateur FoAK
Lair:2 1 runed translucent door, anet's ghost, journeyman DrWn


Innate Abilities, Weirdness & Mutations

Your experience applies equally to all skills.
You have very sharp teeth.
Your uncanny sense of smell can sniff out nearby items.
You are partially covered in large bone plates. (SH +4)
You are partially covered in thin metallic scales. (AC +2)
You have supernaturally acute eyesight. (SInv)
You are covered in fur. (AC +1)
You rapidly evolve.
Your spells are a little easier to cast, but a little less powerful.
You expend magic power (3 MP) to strengthen your wands.


Message History

* * * LOW HITPOINT WARNING * * *
The drowned soul touches you. The drowned soul drowns you!
* * * LOW HITPOINT WARNING * * *
The merfolk avatar chants its luring song.
You see here a wind drake corpse.
You feel a strong urge to attack something.
You are no longer berserk.
You are exhausted.
You feel yourself slow down. The drowned soul touches you.
The drowned soul drowns you!
* * * LOW HITPOINT WARNING * * *
The merfolk avatar chants its luring song.
Okay, then.
As you read the scroll of teleportation, it crumbles to dust.
You feel strangely unstable.
The merfolk avatar chants its luring song.
The spiny frog stings you but does no damage.
The merfolk avatar chants its luring song.
The drowned soul touches you. The drowned soul drowns you!
You die...

...≈≈≈≈≈≈≈≈#≈≈≈≈≈≈≈≈≈≈# ≈≈
##..≈≈≈≈≈≈≈#≈≈≈≈≈P≈≈≈≈#≈≈≈#≈≈ ..
#.≈##≈≈≈≈≈#≈P≈†≈≈≈≈≈≈#≈≈≈#≈# ≈..
##..#P#≈P†.≈#≈($?)≈≈≈≈≈≈≈#≈##..P
#.≈≈≈≈P≈≈#≈≈≈$≈≈%≈≈≈≈≈8≈≈≈≈≈...
#≈≈≈≈≈≈≈≈#≈≈≈[≈W$≈≈≈≈≈8≈≈≈≈≈ ..
#.##≈#≈≈≈#≈≈≈)m(?≈≈≈≈≈≈≈#≈. ≈.P
#...≈≈≈≈≈#≈≈≈≈≈≈≈≈≈≈#≈y≈tl##≈..
.≈≈≈≈≈P≈≈#≈P≈#@≈#≈≈≈#≈≈≈#†≈≈≈..
.≈≈≈≈≈≈≈#≈≈≈≈PF≈≈≈≈#≈≈≈Yll≈..P
..≈#≈≈.#≈≈P≈≈≈≈PP8#8≈≈#≈##..#
####....########≈# ..
≈≈≈≈≈P##≈≈≈≈≈≈≈ ≈≈≈ # ≈≈≈≈≈≈
≈≈≈≈≈≈≈≈P≈≈ ≈≈#.≈≈ ≈≈..≈≈#.≈≈# P
##≈≈ ≈≈.#≈≈.#P≈# ≈≈ .≈≈.≈.≈P.≈


You could see a merfolk avatar, a spiny frog and a drowned soul.

Vanquished Creatures
  A fire dragon (D:14)
  Snorg (D:11)
  Josephine (D:11)
  A hydra (Lair:5)
  2 vault guards (D:14)
  2 catoblepae
  A centaur warrior (D:13)
  3 two-headed ogres
  A sea snake (Lair:6)
  4 wizards (D:14)
  3 unseen horrors
  2 deep elf magi
  2 harpies
  3 ugly things
  4 cyclopes
  3 manticores
  5 elephants
  Joseph (D:9)
  2 centaur zombies (D:13)
  Maurice (D:8)
  7 spiny frogs
  2 black mambas
  Psyche (D:9)
  A torpor snail (Lair:4)
  A gargoyle (D:13)
  5 centaur skeletons
  A yaktaur (D:11)
  7 rime drakes
  5 komodo dragons
  2 trolls
  2 hornets
  6 tyrant leeches (Lair:4)
  A wind drake (Lair:6)
  2 polar bears
  18 blink frogs
  10 hippogriffs
  4 slime creatures
  2 shadows
  5 wyverns
  7 spriggans
  4 wraiths (D:11)
  39 yaks
  18 humans (D:14)
  3 basilisks
  A steam dragon (Lair:3)
  A death yak simulacrum (Lair:4)
  A vampire mosquito (D:8)
  2 hungry ghosts
  4 insubstantial wisps (Lair:2)
  A hydra simulacrum (Lair:4)
  Duvessa (D:5)
  4 nagas (Lair:2)
  2 swamp worms (Lair:4)
  13 water moccasins
  8 orc warriors
  7 porcupines
  6 sky beasts
  2 black bears
  2 ice beasts
  A hornet zombie (D:11)
  An eye of draining (D:13)
  5 phantoms
  8 ogres
  18 wolves
  2 black mamba simulacra (Lair:4)
  3 centaurs
  10 crocodiles
  A big kobold (D:12)
  9 bullfrogs
  2 gnoll sergeants
  Dowan (D:5)
  2 blink frog simulacra (Lair:4)
  3 killer bees
  4 wights (D:14)
  3 howler monkeys (D:10)
  4 electric eels
  5 crimson imps
  2 lava snakes (Lair:6)
  A fire crab simulacrum (Lair:4)
  A gnoll shaman (D:8)
  3 jellies
  15 orc wizards
  Crazy Yiuf (D:2)
  11 orc priests
  A bullfrog skeleton (D:3)
  11 hounds
  4 iguanas
  8 worker ants
  9 gnolls
  12 adders
  2 shadow imps
  2 adder skeletons
  An adder zombie (D:5)
  5 worms
  4 dart slugs
  5 leopard geckos
  57 orcs
  5 bats
  8 giant cockroaches
  8 goblins
  11 hobgoblins
  2 quokkas
  A ball python (D:8)
  8 frilled lizards
  8 kobolds
  9 rats
  A plant (D:1)
549 creatures vanquished.

Vanquished Creatures (collateral kills)
  A wyvern (D:14)
  A bullfrog (D:14)
2 creatures vanquished.

Vanquished Creatures (others)
  The ghost of Oxit the Destroyer, a journeyman DsFE of Vehumet (Lair:4)
  A centaur warrior (D:14)
  A slime creature (D:14)
  A rime drake (Lair:4)
  A quokka (D:14)
  A ball python (D:7)
  12 fungi
  18 plants
  2 withered plants (Lair:2)
38 creatures vanquished.

Grand Total: 589 creatures vanquished

Notes
Turn   | Place    | Note
-------+----------+-------------------------------------------
     0 | D:1      | Ijustatesigmund the Gnoll Fighter began the quest for the
                  | Orb.
     0 | D:1      | Reached XP level 1. HP: 23/23 MP: 1/1
    96 | D:1      | Reached XP level 2. HP: 29/29 MP: 2/2
   763 | D:2      | Reached XP level 3. HP: 35/35 MP: 3/3
   796 | D:2      | Reached skill level 1 in Invocations
   852 | D:2      | Found a sacrificial altar of Ru.
  1006 | D:2      | Found a runed translucent door.
  1007 | D:2      | Noticed Crazy Yiuf
  1012 | D:2      | Killed Crazy Yiuf
  1012 | D:2      | Reached skill level 1 in Short Blades
  1012 | D:2      | Reached skill level 1 in Long Blades
  1012 | D:2      | Reached skill level 1 in Maces & Flails
  1012 | D:2      | Reached skill level 1 in Polearms
  1012 | D:2      | Reached skill level 1 in Staves
  1012 | D:2      | Reached skill level 1 in Slings
  1012 | D:2      | Reached skill level 1 in Bows
  1012 | D:2      | Reached skill level 1 in Crossbows
  1012 | D:2      | Reached skill level 1 in Throwing
  1012 | D:2      | Reached skill level 1 in Dodging
  1012 | D:2      | Reached skill level 1 in Stealth
  1012 | D:2      | Reached skill level 1 in Unarmed Combat
  1012 | D:2      | Reached skill level 1 in Spellcasting
  1012 | D:2      | Reached skill level 1 in Evocations
  1012 | D:2      | Reached XP level 4. HP: 41/41 MP: 5/5
  1111 | D:2      | Found a stormy altar of Qazlal.
  1111 | D:2      | Found a shimmering blue altar of Sif Muna.
  1121 | D:2      | Found a hide-covered altar of Uskayaw.
  1123 | D:2      | Found a faded altar of an unknown god.
  1124 | D:2      | Found a white marble altar of Elyvilon.
  1265 | D:2      | Reached skill level 1 in Conjurations
  1265 | D:2      | Reached skill level 1 in Hexes
  1265 | D:2      | Reached skill level 1 in Charms
  1265 | D:2      | Reached skill level 1 in Summonings
  1265 | D:2      | Reached skill level 1 in Necromancy
  1265 | D:2      | Reached skill level 1 in Translocations
  1265 | D:2      | Reached skill level 1 in Transmutations
  1265 | D:2      | Reached skill level 1 in Fire Magic
  1265 | D:2      | Reached skill level 1 in Ice Magic
  1265 | D:2      | Reached skill level 1 in Air Magic
  1265 | D:2      | Reached skill level 1 in Earth Magic
  1265 | D:2      | Reached skill level 1 in Poison Magic
  1424 | D:2      | You fall into a shaft and drop 2 floors!
  1439 | D:4      | Reached XP level 5. HP: 41/47 MP: 5/7
  1465 | D:4      | Noticed an ogre
  1477 | D:4      | Killed an ogre
  1500 | D:3      | Reached XP level 6. HP: 48/53 MP: 8/8
  1802 | D:3      | Reached skill level 5 in Axes
  2226 | D:4      | Found a burning altar of Makhleb.
  2227 | D:4      | Found a radiant altar of Vehumet.
  2229 | D:4      | Reached XP level 7. HP: 58/59 MP: 10/10
  2413 | D:4      | Found a large runed translucent door.
  2414 | D:4      | Found a large runed translucent door.
  2421 | D:4      | Noticed wazuzu's ghost (amateur FoAK)
  2502 | D:5      | Entered Level 5 of the Dungeon
  2584 | D:5      | Found an iron altar of Okawaru.
  2757 | D:5      | Became a worshipper of Warmaster Okawaru
  3084 | D:5      | Found a shimmering altar of Xom.
  3401 | D:5      | Noticed Dowan
  3402 | D:5      | Noticed Duvessa
  3423 | D:5      | Killed Duvessa
  3423 | D:5      | Reached XP level 8. HP: 59/67 MP: 12/12
  3426 | D:5      | Killed Dowan
  3654 | D:6      | Found an opulent altar of Gozag.
  3663 | D:6      | Found Kapho's Book Boutique.
  3930 | D:6      | Found a blossoming altar of Fedhas.
  3956 | D:6      | Reached * piety under Okawaru
  4398 | D:6      | Found Pyifru's General Store.
  4484 | D:6      | Found a sparkling altar of Nemelex Xobeh.
  4487 | D:6      | Found a snail-covered altar of Cheibriados.
  4587 | D:6      | Found a staircase to the Ecumenical Temple.
  4785 | D:7      | Reached ** piety under Okawaru
  4785 | D:7      | Reached XP level 9. HP: 58/72 MP: 14/14
  5788 | D:8      | Reached *** piety under Okawaru
  5821 | D:8      | Found Oxzyiw's Assorted Antiques.
  5845 | D:8      | Bought a scroll labeled EHO QYWKYNOOX for 31 gold pieces
  5845 | D:8      | Bought a fuming red potion for 27 gold pieces
  5945 | D:8      | Noticed Maurice
  5961 | D:8      | Reached skill level 5 in Invocations
  5967 | D:8      | Killed Maurice
  5967 | D:8      | Received a gift from Okawaru
  5967 | D:8      | Reached XP level 10. HP: 80/80 MP: 15/17
  5980 | D:8      | Noticed a two-headed ogre
  6011 | D:8      | Killed a two-headed ogre
  6011 | D:8      | Reached **** piety under Okawaru
  6011 | D:8      | Reached skill level 5 in Short Blades
  6011 | D:8      | Reached skill level 5 in Long Blades
  6011 | D:8      | Reached skill level 5 in Maces & Flails
  6011 | D:8      | Reached skill level 5 in Polearms
  6011 | D:8      | Reached skill level 5 in Staves
  6011 | D:8      | Reached skill level 5 in Slings
  6011 | D:8      | Reached skill level 5 in Bows
  6011 | D:8      | Reached skill level 5 in Crossbows
  6011 | D:8      | Reached skill level 5 in Throwing
  6011 | D:8      | Reached skill level 5 in Dodging
  6011 | D:8      | Reached skill level 5 in Stealth
  6011 | D:8      | Reached skill level 5 in Unarmed Combat
  6011 | D:8      | Reached skill level 5 in Spellcasting
  6011 | D:8      | Reached skill level 5 in Evocations
  6389 | D:9      | Noticed Psyche
  6397 | D:9      | Killed Psyche
  6428 | D:9      | Noticed Joseph
  6442 | D:9      | Killed Joseph
  7065 | D:10     | Entered Level 10 of the Dungeon
  7232 | D:10     | Found a staircase to the Lair.
  7370 | D:10     | Reached XP level 11. HP: 86/87 MP: 19/19
  7374 | D:10     | Reached ***** piety under Okawaru
  7902 | D:10     | Reached skill level 5 in Conjurations
  7902 | D:10     | Reached skill level 5 in Hexes
  7902 | D:10     | Reached skill level 5 in Charms
  7902 | D:10     | Reached skill level 5 in Summonings
  7902 | D:10     | Reached skill level 5 in Necromancy
  7902 | D:10     | Reached skill level 5 in Translocations
  7902 | D:10     | Reached skill level 5 in Transmutations
  7902 | D:10     | Reached skill level 5 in Fire Magic
  7902 | D:10     | Reached skill level 5 in Ice Magic
  7902 | D:10     | Reached skill level 5 in Air Magic
  7902 | D:10     | Reached skill level 5 in Earth Magic
  7902 | D:10     | Reached skill level 5 in Poison Magic
  8533 | D:11     | Noticed Snorg
  8549 | D:11     | Killed Snorg
  8714 | D:11     | Noticed a deep elf mage
  8719 | D:11     | Killed a deep elf mage
  8719 | D:11     | Received a gift from Okawaru
  8928 | D:11     | Noticed a brown ugly thing
  8942 | D:11     | Killed a brown ugly thing
  9114 | D:11     | Noticed Josephine
  9144 | D:11     | Killed Josephine
  9534 | D:11     | Found a staircase to the Orcish Mines.
  9577 | D:11     | Noticed a cyan ugly thing
  9591 | D:11     | Killed a cyan ugly thing
  9591 | D:11     | Reached XP level 12. HP: 93/96 MP: 20/22
 10181 | D:12     | Gained mutation: You evolve. [potion of mutation]
 10181 | D:12     | Gained mutation: You are partially covered in thin metallic
                  | scales. (AC +2) [potion of mutation]
 10181 | D:12     | Gained mutation: Your spells are a little easier to cast,
                  | but a little less powerful. [potion of mutation]
 10181 | D:12     | Gained mutation: You have supernaturally acute eyesight.
                  | (SInv) [potion of mutation]
 10481 | D:12     | You fall into a shaft and drop 2 floors!
 10481 | D:14     | Noticed a two-headed ogre
 10497 | D:14     | Killed a two-headed ogre
 10727 | D:14     | Found a white marble altar of Elyvilon.
 11193 | D:13     | Noticed a two-headed ogre
 11203 | D:13     | Killed a two-headed ogre
 11203 | D:13     | Received a gift from Okawaru
 11403 | D:13     | Gained mutation: You rapidly evolve. [evolution]
 11662 | D:13     | Reached skill level 10 in Fighting
 11662 | D:13     | Reached skill level 10 in Armour
 11662 | D:13     | Reached skill level 10 in Shields
 11669 | D:13     | Noticed a centaur warrior
 11682 | D:13     | Killed a centaur warrior
 11756 | D:13     | Found a white marble altar of Elyvilon.
 12183 | D:13     | Reached XP level 13. HP: 79/103 MP: 24/24
 12514 | D:14     | Noticed a fire dragon
 12524 | D:14     | Killed a fire dragon
 13198 | D:14     | Received a gift from Okawaru
 13224 | D:14     | Identified a scroll of acquirement
 13553 | D:14     | Found a gate to the Vaults.
 13553 | D:14     | Noticed a vault guard
 13553 | D:14     | Noticed a vault guard
 13868 | D:14     | Paralysed by a wizard for 7 turns
 14061 | D:14     | Gained mutation: You expend magic power (3 MP) to
                  | strengthen your wands. [evolution]
 14217 | D:14     | Killed a vault guard
 14226 | D:14     | Paralysed by a wizard for 4 turns
 14231 | D:14     | Received a gift from Okawaru
 14250 | D:14     | Killed a vault guard
 14431 | D:14     | Identified Sif Muna's Papyrus of Mutagenic Beguiling
 14579 | Lair:1   | Entered Level 1 of the Lair of Beasts
 14944 | Lair:1   | Reached ****** piety under Okawaru
 14949 | Lair:1   | Received a gift from Okawaru
 15742 | Lair:2   | Received a gift from Okawaru
 16112 | Lair:2   | Found a shimmering altar of Xom.
 16417 | Lair:2   | Found a staircase to the Snake Pit.
 16475 | Lair:2   | Reached XP level 14. HP: 104/111 MP: 24/26
 16532 | Lair:2   | Found a staircase to the Swamp.
 16981 | Lair:2   | Found a runed translucent door.
 16982 | Lair:2   | Noticed anet's ghost (journeyman DrWn)
 17111 | Lair:2   | Gained mutation: You are partially covered in large bone
                  | plates. (SH +4) [evolution]
 17821 | Lair:3   | Reached skill level 10 in Axes
 18254 | Lair:4   | Found a radiant altar of Vehumet.
 18320 | Lair:4   | Noticed Oxit's ghost (journeyman DsFE)
 18350 | Lair:4   | Found a runed translucent gate.
 18350 | Lair:4   | Found a runed translucent gate.
 18350 | Lair:4   | Found a runed translucent gate.
 18380 | Lair:4   | Killed Oxit's ghost
 18816 | Lair:4   | Received a gift from Okawaru
 18949 | Lair:4   | Reached skill level 10 in Invocations
 19628 | Lair:5   | Received a gift from Okawaru
 20520 | Lair:5   | Gained mutation: You are covered in fur. (AC +1)
                  | [evolution]
 20552 | Lair:6   | Entered Level 6 of the Lair of Beasts
 20742 | Lair:6   | Identified the +1 leather armour of Analysis {rC+} (You
                  | found it on level 6 of the Lair of Beasts)
 20750 | Lair:6   | Learned a level 2 spell: Passwall
 21094 | Lair:6   | Found a shadowy altar of Dithmenos.
 21609 | Lair:6   | Reached XP level 15. HP: 97/119 MP: 28/28
 21645 | Lair:6   | Found the +6 arbalest "Damnation" {damnation}
 21717 | Lair:6   | HP: 5/119 [drowned by a drowned soul[a merfolk avatar]
                  | (12)]
 21718 | Lair:6   | Drowned by a drowned soul

Levels and vault maps discovered:
D:1:      onia_arrival_mini_maze_b, layout_loops_ring
D:2:      layout_loops_corners, nicolae_ru_sacrificial_ziggurat,
          chequers_temple_overflow_minitemple, uniq_crazy_yiuf_cottage
D:3:      cheibrodos_pilgrimage, layout_rooms, first_ration
D:4:      layout_rooms, grunt_temple_overflow_lords_of_destruction,
          ebering_ghost_disaster_area
D:5:      layout_loops_ring, lemuel_crystal_altar, kennysheep_little_box,
          uniq_duvessa
D:6:      layout_gridville, kennysheep_mini, fedhas_bush_and_centaur_altar,
          nicolae_overflow_hidden_temple, minmay_temple_entry_statues_pillars,
          serial_shops, shop, shop
D:7:      layout_loops_ring, serial_bayou_pond_b
D:8:      minmay_bloctagon, layout_basic, serial_shops, nicolae_shop_stone,
          uniq_maurice
D:9:      layout_irregular_city, uniq_psyche, uniq_joseph
D:10:     kb_forest_paths, layout_basic
D:11:     kennysheep_blocky_room, layout_cave_pods, grunt_ogre_cave,
          uniq_josephine, uniq_snorg
D:12:     layout_roguey, skrybe_limestone_x
D:13:     layout_basic, basic_altar
D:14:     layout_roguey, grunt_vaults_entry_tiered, elyvilon_altar_4
Lair:1:   layout_cave_shapes
Lair:2:   layout_roguey, minmay_swamp_entry_wisps,
          minmay_snake_entry_guardpost_small, serial_bayou, serial_bayou_lake_a,
          serial_bayou_shore_a, serial_bayou_lagoon_a, serial_bayou_lagoon_b,
          basic_altar, gammafunk_ghost_grave
Lair:3:   layout_concentric_octagons, grunt_megastairs_3
Lair:4:   layout_cave_pods, gammafunk_ghost_icy, basic_altar, worms_lemuel
Lair:5:   layout_roguey, chequers_serial_rivers_small_3, st_stairs_10,
          grunt_forest_stairs_clearing
Lair:6:   gammafunk_lair_ancient_temple, layout_gridlike, slime_dummy,
          basic_altar, serial_bayou_shore_b, lemuel_fruit_tree

Skill      XL: |  1  2  3  4  5  6  7  8  9 10 11 12 13 14 |
---------------+-------------------------------------------+-----
Invocations    | 1 2 3 4 5 6 7 8 9 10 | 10.4
Short Blades   | 1 2 3 4 5 6 7 8 9 |  9.6
Long Blades    | 1 2 3 4 5 6 7 8 9 |  9.6
Maces & Flails | 1 2 3 4 5 6 7 8 9 |  9.6
Polearms       | 1 2 3 4 5 6 7 8 9 |  9.6
Staves         | 1 2 3 4 5 6 7 8 9 |  9.6
Slings         | 1 2 3 4 5 6 7 8 9 |  9.6
Bows           | 1 2 3 4 5 6 7 8 9 |  9.6
Crossbows      | 1 2 3 4 5 6 7 8 9 |  9.6
Throwing       | 1 2 3 4 5 6 7 8 9 |  9.6
Dodging        | 1 2 3 4 5 6 7 8 9 |  9.6
Stealth        | 1 2 3 4 5 6 7 8 9 |  9.6
Unarmed Combat | 1 2 3 4 5 6 7 8 9 |  9.6
Spellcasting   | 1 2 3 4 5 6 7 8 9 |  9.6
Evocations     | 1 2 3 4 5 6 7 8 9 |  9.6
Conjurations   | 1 2 3 4 5 6 7 8 |  8.0
Hexes          | 1 2 3 4 5 6 7 8 |  8.0
Charms         | 1 2 3 4 5 6 7 8 |  8.0
Summonings     | 1 2 3 4 5 6 7 8 |  8.5
Necromancy     | 1 2 3 4 5 6 7 8 |  8.0
Translocations | 1 2 3 4 5 6 7 8 |  8.0
Transmutations | 1 2 3 4 5 6 7 8 |  8.0
Fire Magic     | 1 2 3 4 5 6 7 8 |  8.0
Ice Magic      | 1 2 3 4 5 6 7 8 |  8.0
Air Magic      | 1 2 3 4 5 6 7 8 |  8.0
Earth Magic    | 1 2 3 4 5 6 7 8 |  8.0
Poison Magic   | 1 2 3 4 5 6 7 8 |  8.0
Axes           | 5 6 7 8 9 10 | 10.5
Fighting       | 7 8 9 10 11 | 11.4
Armour         | 7 8 9 10 11 | 11.4
Shields        | 7 8 9 10 11 | 11.4

Action                   |  1- 3 |  4- 6 |  7- 9 | 10-12 | 13-15 || total
-------------------------+-------+-------+-------+-------+-------++-------
Melee: War axe           |    71 |   144 |   318 |       |       ||   533
       Bite              |    11 |    16 |    59 |   107 |   182 ||   375
       Trident           |       |       |    44 |   741 |   386 ||  1171
       Lajatang          |       |       |       |       |   848 ||   848
       Punch             |       |       |       |       |     1 ||     1
Throw: Javelin           |       |       |       |       |     8 ||     8
Invok: Heroism           |       |       |     1 |     3 |     7 ||    11
       Finesse           |       |       |       |     1 |       ||     1
Evoke: Wand              |       |       |     1 |       |    11 ||    12
  Use: Scroll            |     6 |     7 |    11 |     8 |    14 ||    46
       Potion            |     1 |       |       |     5 |     9 ||    15
 Stab: Distracted        |       |       |       |       |     1 ||     1
       Sleeping          |       |       |       |       |     1 ||     1
  Eat: Chunk             |       |     5 |    12 |    13 |    17 ||    47
       Ration            |       |       |       |     4 |     5 ||     9
Armor: Scale mail        |     4 |       |       |       |       ||     4
       Storm dragon scal |    23 |    70 |   169 |   275 |   730 ||  1267
Dodge: Dodged            |     7 |    40 |   103 |   189 |   989 ||  1328
Block: Shield            |    22 |   101 |   217 |   357 |   237 ||   934
       Other             |       |       |       |       |   171 ||   171

Table legend:
 A = Non-vault XP
 B = Vault XP
 C = Vault XP percentage of total XP
 D = Non-vault monster count
 E = Vault monster count
 F = Vault count percentage of total count
                 A         B        C        D         E       F
            +---------+---------+-------+---------+---------+-------
      Total |   54514 |   34484 |  38.7 |     408 |     145 |  26.2
            +---------+---------+-------+---------+---------+-------
        D:1 |      30 |       0 |   0.0 |      16 |       0 |   0.0
        D:2 |      79 |      41 |  34.2 |      24 |       1 |   4.0
        D:3 |      93 |      98 |  51.3 |      23 |       7 |  23.3
        D:4 |     319 |      50 |  13.6 |      16 |       1 |   5.9
        D:5 |     367 |     231 |  38.6 |      18 |       2 |  10.0
        D:6 |     867 |     112 |  11.4 |      27 |       1 |   3.6
        D:7 |     878 |     194 |  18.1 |      19 |       3 |  13.6
        D:8 |     780 |    2408 |  75.5 |      14 |      14 |  50.0
        D:9 |     319 |     899 |  73.8 |       9 |       2 |  18.2
       D:10 |    1760 |    2332 |  57.0 |      26 |      15 |  36.6
       D:11 |    2439 |    4284 |  63.7 |      20 |      15 |  42.9
       D:12 |    3487 |       0 |   0.0 |      19 |       0 |   0.0
       D:13 |    7871 |       0 |   0.0 |      22 |       0 |   0.0
       D:14 |    7289 |    8514 |  53.9 |      28 |      25 |  47.2
     Lair:1 |    5098 |       0 |   0.0 |      21 |       0 |   0.0
     Lair:2 |    6438 |    1474 |  18.6 |      36 |      10 |  21.7
     Lair:3 |    3138 |     252 |   7.4 |      15 |       2 |  11.8
     Lair:4 |    7967 |    4609 |  36.6 |      32 |      20 |  38.5
     Lair:5 |    3032 |    2420 |  44.4 |      15 |      10 |  40.0
     Lair:6 |    2263 |    6566 |  74.4 |       8 |      17 |  68.0
            +---------+---------+-------+---------+---------+-------
